 Dungeon Crawl Stone Soup version 0.27.0-1-g7a089689b8 (webtiles) character file.

Game seed: 9339751695451246057

22135 mhtbhm the Spear-Bearer (level 12, -2/165 HPs)
             Began as a Pale Draconian Berserker on Aug 8, 2021.
             Was a High Priest of Trog.
             Slain by an orc warrior (7 damage)
             ... on level 2 of the Orcish Mines.
             The game lasted 00:25:27 (19426 turns).

mhtbhm the Spear-Bearer (Pale Draconian Berserker) Turns: 19426, Time: 00:25:28

Health: -2/165     AC:  9    Str: 25    XL:     12   Next: 60%
Magic:  12/12      EV: 15    Int:  8    God:    Trog [*****.]
Gold:   992        SH:  0    Dex: 10    Spells: 11/11 levels left

rFire    + + .     SeeInvis .   a - +1 halberd (venom)
rCold    + . .     Faith    +   (shield currently unavailable)
rNeg     . . .     Spirit   .   (armour unavailable)
rPois    .         Reflect  .   (helmet restricted)
rElec    .         Harm     .   s - scarf {rC+ rF+}
rCorr    .         Rampage  .   E - +0 pair of gloves
Will     +....                  (no boots)
Stlth    ..........             b - amulet of faith
HPRegen  0.37/turn              x - ring of protection from fire
MPRegen  0.13/turn              d - ring of willpower

@: berserking, very quick
A: breathe steam, AC +8, unfitting armour, cold-blooded, steam resistance
a: Breathe Steam, Renounce Religion, Berserk, Trog's Hand, Brothers in Arms


You were on level 2 of the Orcish Mines.
You worshipped Trog.
Trog was extremely pleased with you.
You visited 2 branches of the dungeon, and saw 12 of its levels.
You also visited: Sewer.

You collected 992 gold pieces.

Inventory:

Hand Weapons
 a - a +1 halberd of venom (weapon)
Missiles
 m - a throwing net
 v - 49 poisoned darts (quivered)
Armour
 l - a scarf of repulsion
 q - a +2 buckler
 s - a scarf of resistance (worn)
 E - a +0 pair of gloves (worn)
Jewellery
 b - an amulet of faith (around neck)
 d - a ring of willpower (right hand)
 e - an amulet of reflection
 g - a ring of ice
 x - a ring of protection from fire (left hand)
 F - an amulet of the acrobat
Wands
 h - a wand of flame (5)
 p - a wand of digging (1)
 B - a wand of mindburst (2)
Scrolls
 f - 2 scrolls of enchant weapon
 w - a scroll of immolation
 y - a scroll of enchant armour {unknown}
 D - a scroll of brand weapon {unknown}
Potions
 c - 2 potions of flight
 i - a potion of degeneration {unknown}
 j - 5 potions of mutation {unknown}
 k - 2 potions of lignification {unknown}
 o - a potion of ambrosia {unknown}
 r - 3 potions of attraction {unknown}
 t - 3 potions of brilliance {unknown}
 C - 2 potions of might {unknown}
 G - a potion of berserk rage {unknown}


   Skills:
 + Level 11.2 Fighting
 + Level 13.5 Polearms
 + Level 2.1 Throwing
 + Level 9.7 Dodging
 + Level 6.1 Stealth
 - Level 4.0 Shields
 - Level 1.6 Unarmed Combat
 + Level 1.8 Evocations


You had 11 spell levels left.
You didn't know any spells.
Your spell library was empty.

Dungeon Overview and Level Annotations

Branches:
Dungeon (10/15)            Temple (0/1) D:5             Orc (2/2) D:9
    Elf (0/3) Orc:2         Sewer (visited)
   Lair: D:8-11

Altars:
Cheibriados
Dithmenos
Fedhas
Hepliaklqana
Nemelex Xobeh
Okawaru
Qazlal
Sif Muna
Trog
Vehumet
Wu Jian
Yredelemnul
Zin

Shops:
D:6 (


Innate Abilities, Weirdness & Mutations

You can breathe blasts of scalding, opaque steam.
Your pale cyan-grey scales are hard. (AC +8)
You cannot fit into any form of body armour.
You are cold-blooded and may be slowed by cold attacks.
You are immune to the effects of steam.


Message History

Okay, then.
Okay, then.
Okay, then.
Okay, then.
Your troll goes berserk!
The orc hits your troll with a +0 whip. The orc closely misses you.
The orc warrior hits you with a +2 vampiric battleaxe!
The orc warrior draws strength from your wounds!
Unknown command.
Okay, then.
A red film seems to cover your vision as you go berserk!
You feel yourself moving faster!
You feel mighty! The orc closely misses your troll.
The orc wizard casts a spell at you. You resist with almost no effort.
Your troll misses the orc.
Your troll claws the orc.
Your troll closely misses the orc.
The cyclops hits you!!
* * * LOW HITPOINT WARNING * * *
The orc closely misses you.
The orc warrior hits you with a +2 vampiric battleaxe!
* * * LOW HITPOINT WARNING * * *
The orc priest mumbles some strange prayers to Beogh against you.
Beogh smites you!
* * * LOW HITPOINT WARNING * * *
Unknown command.
You slice the cyclops!!
The cyclops looks as sick as possible!
You tail-slap the cyclops.
The cyclops is almost dead.
The orc barely misses your troll.
The orc wizard hits you with a +0 dagger.
* * * LOW HITPOINT WARNING * * *
Your troll bites the orc!
The orc dies!
Trog accepts your kill.
You impale the cyclops!!
You kill the cyclops!
Trog accepts your kill. The orc hits you but does no damage.
The orc warrior hits you with a +2 vampiric battleaxe!
You die...

#...........
..........#
#.........#
..........
#.o......#
##T).......
#)()o......
###o@o).....
#...))......
##......#....
#....#### ...
#.#.....#
##.. #
#.....##....
##..........
#..........
###.......#


You could see an orc warrior (very poisoned), an orc priest (ally target), an
orc wizard, an orc and a friendly troll (summoned, berserk).

Vanquished Creatures
  Rupert (Orc:2)
  A centaur warrior (D:9)
  Erolcha (D:9)
  A two-headed ogre (Orc:1)
  An orc high priest (Orc:2)
  Sonja (Orc:1)
  2 orc knights (Orc:2)
  A deep elf pyromancer (D:10)
  2 cyclopes
  5 orc sorcerers
  An ugly thing (D:9)
  A tengu conjurer (D:10)
  A komodo dragon (D:6)
  A queen bee (D:8)
  3 trolls
  A hornet (D:9)
  A shadow (D:9)
  2 wraiths
  11 yaks
  2 steam dragons
  Grum (D:9)
  Menkaure (D:6)
  4 water moccasins (D:6)
  3 sky beasts (D:6)
  A black bear (D:7)
  13 orc warriors
  2 necrophages
  3 centaurs
  6 ogres
  3 wolves (D:9)
  4 kobold brigands
  2 bullfrogs
  2 gnoll sergeants (D:9)
  4 scorpions
  3 water moccasin zombies
  2 wyvern skeletons
  A water moccasin skeleton (D:6)
  15 killer bees
  3 wights (D:8)
  2 electric eels (D:7)
  3 centaur zombies
  A hound (D:7)
  A gnoll shaman (D:8)
  12 orc priests
  5 jellies
  A bullfrog skeleton (D:6)
  2 iguanas
  Natasha (thrice) (D:4)
  17 orc wizards
  A killer bee zombie (D:8)
  2 hound skeletons
  A howler monkey zombie (D:9)
  20 gnolls
  16 adders
  A shadow imp (D:8)
  A white imp (D:6)
  2 ufetubi (D:5)
  2 worms
  3 dart slugs
  59 orcs
  3 ball pythons
  3 bats
  6 endoplasms
  6 giant cockroaches
  6 goblins
  4 hobgoblins
  2 jackals (Sewer)
  4 quokkas
  5 frilled lizards
  23 kobolds
  8 rats
338 creatures vanquished.

Vanquished Creatures (collateral kills)
  An orc warlord (Orc:2)
  An orc knight (Orc:2)
  An orc sorcerer (Orc:2)
  2 orc warriors (Orc:2)
  4 orc priests (Orc:2)
  3 orcs (Orc:2)
12 creatures vanquished.

Vanquished Creatures (others)
  3 fungi (D:2)
  11 plants
14 creatures vanquished.

Grand Total: 364 creatures vanquished

Notes
Turn   | Place    | Note
-------+----------+-------------------------------------------
     0 | D:1      | mhtbhm the Draconian Berserker began the quest for the Orb.
     0 | D:1      | Reached XP level 1. HP: 19/19 MP: 1/1
   221 | D:1      | Reached XP level 2. HP: 13/26 MP: 2/2
  1264 | D:2      | Found a faded altar of an unknown god.
  1274 | D:2      | Reached XP level 3. HP: 33/33 MP: 3/3
  1795 | D:2      | Reached ** piety under Trog
  1813 | D:2      | Reached XP level 4. HP: 40/40 MP: 4/4
  1910 | D:2      | Reached skill level 4 in Polearms
  2294 | D:3      | Reached skill level 1 in Stealth
  2294 | D:3      | Reached XP level 5. HP: 13/46 MP: 5/5
  2655 | D:3      | Found a radiant altar of Vehumet.
  2862 | D:3      | You fall into a shaft and drop 2 floors!
  2862 | D:5      | Entered Level 5 of the Dungeon
  2915 | D:5      | Found a staircase to the Ecumenical Temple.
  2915 | D:5      | Noticed an ogre
  2929 | D:5      | Killed an ogre
  2930 | D:5      | Reached skill level 5 in Polearms
  2930 | D:5      | Reached XP level 6. HP: 53/53 MP: 6/6
  2957 | D:5      | Found a glowing drain.
  2991 | Sewer    | Entered a sewer
  3000 | Sewer    | Reached *** piety under Trog
  3224 | Sewer    | Found a glowing silver altar of Zin.
  3385 | D:4      | Found a stormy altar of Qazlal.
  3605 | D:4      | Identified the +4 scale mail of the Raven {Harm Will+}
  3750 | D:4      | Noticed Natasha
  3763 | D:4      | Killed Natasha
  3907 | D:4      | Noticed Natasha
  3928 | D:4      | Killed Natasha
  3929 | D:4      | Your scales start taking on a pale cyan-grey colour.
  3929 | D:4      | Reached XP level 7. HP: 45/60 MP: 7/7
  3929 | D:4      | Gained mutation: You are immune to the effects of steam.
                  | [Pale Draconian growth]
  4141 | D:4      | Found a sparkling altar of Nemelex Xobeh.
  4223 | D:4      | Reached skill level 6 in Polearms
  4408 | D:4      | Noticed Natasha
  4422 | D:4      | Killed Natasha
  4571 | D:4      | Found a bloodstained altar of Trog.
  4862 | D:3      | Reached skill level 5 in Fighting
  4866 | D:3      | Reached **** piety under Trog
  6158 | D:5      | Found an iron altar of Okawaru.
  6372 | D:6      | Reached skill level 7 in Polearms
  6372 | D:6      | Reached XP level 8. HP: 31/69 MP: 8/8
  6778 | D:6      | Found a glowing silver altar of Zin.
  6935 | D:6      | Identified the +1 chain mail "Pourrumm" {Harm Will- Dex+5}
  6969 | D:6      | Reached skill level 5 in Dodging
  6987 | D:6      | Reached skill level 8 in Polearms
  7126 | D:6      | Noticed a komodo dragon
  7135 | D:6      | Killed a komodo dragon
  7136 | D:6      | Reached XP level 9. HP: 61/78 MP: 9/9
  7583 | D:6      | Reached skill level 9 in Polearms
  8432 | D:6      | Found Esixukh's Antique Weapon Emporium.
  8604 | D:6      | Noticed Menkaure
  8611 | D:6      | Killed Menkaure
  8752 | D:6      | Found a blossoming altar of Fedhas.
  9727 | D:7      | Reached skill level 10 in Polearms
 10507 | D:7      | Reached XP level 10. HP: 68/88 MP: 10/10
 10628 | D:7      | Found a shimmering blue altar of Sif Muna.
 10629 | D:7      | Found a hazy altar of Hepliaklqana.
 10929 | D:8      | Reached ***** piety under Trog
 11789 | D:8      | Found an ornate altar of the Wu Jian Council.
 12045 | D:8      | Found a snail-covered altar of Cheibriados.
 12271 | D:8      | Reached skill level 5 in Stealth
 12309 | D:9      | Paralysed by a hornet for 2 turns
 12646 | D:9      | Noticed Erolcha
 12659 | D:9      | Killed Erolcha
 12660 | D:9      | Reached skill level 11 in Polearms
 12819 | D:9      | Noticed Grum
 12846 | D:9      | HP: 3/90 [killer bee (7)]
 12865 | D:9      | Noticed a brown ugly thing
 12919 | D:9      | Killed a brown ugly thing
 13168 | D:9      | Killed Grum
 13286 | D:9      | Noticed a centaur warrior
 13378 | D:9      | Killed a centaur warrior
 13379 | D:9      | Reached skill level 1 in Evocations
 13379 | D:9      | Reached XP level 11. HP: 12/97 MP: 11/11
 14201 | D:9      | Found a staircase to the Orcish Mines.
 14494 | D:9      | Reached skill level 1 in Throwing
 14646 | D:9      | Reached skill level 1 in Shields
 14676 | D:9      | Found a shadowy altar of Dithmenos.
 14781 | D:10     | Entered Level 10 of the Dungeon
 14834 | D:10     | Received a gift from Trog
 14850 | D:10     | Found a basalt altar of Yredelemnul.
 14925 | D:10     | Reached skill level 12 in Polearms
 15324 | D:10     | Noticed a deep elf pyromancer
 15329 | D:10     | Killed a deep elf pyromancer
 15523 | D:10     | Reached skill level 10 in Fighting
 16155 | Orc:1    | Entered Level 1 of the Orcish Mines
 16178 | Orc:1    | Noticed Sonja
 16182 | Orc:1    | Killed Sonja
 16576 | Orc:1    | Noticed an orc sorcerer
 16594 | Orc:1    | Killed an orc sorcerer
 16822 | Orc:1    | Noticed a two-headed ogre
 16838 | Orc:1    | Killed a two-headed ogre
 16891 | Orc:2    | Entered Level 2 of the Orcish Mines
 16957 | Orc:2    | Noticed an orc sorcerer
 16975 | Orc:2    | Paralysed by an orc sorcerer for 2 turns
 16980 | Orc:2    | Killed an orc sorcerer
 17267 | Orc:2    | Found a staircase to the Elven Halls.
 17335 | Orc:2    | Noticed an orc sorcerer
 17352 | Orc:2    | Killed an orc sorcerer
 17353 | Orc:2    | Reached skill level 1 in Unarmed Combat
 17685 | Orc:2    | Noticed an orc sorcerer
 17691 | Orc:2    | Killed an orc sorcerer
 17782 | Orc:2    | Noticed an orc knight
 17790 | Orc:2    | Reached XP level 12. HP: 26/107 MP: 12/12
 17790 | Orc:2    | HP: 8/160 [orc warrior (18)]
 17800 | Orc:2    | Received a gift from Trog
 18020 | Orc:2    | Noticed an orc high priest
 18031 | Orc:2    | Noticed an orc warlord
 18041 | Orc:2    | Killed an orc warlord
 18044 | Orc:2    | Killed an orc high priest
 18160 | Orc:2    | Noticed an orc high priest
 18475 | Orc:1    | Reached skill level 13 in Polearms
 19202 | Orc:2    | Noticed Rupert
 19222 | Orc:2    | Killed Rupert
 19424 | Orc:2    | HP: 5/165 [orc priest/divine providence (15)]
 19426 | Orc:2    | Slain by an orc warrior

Illustrated notes

Levels and vault maps discovered:
D:1:      mrwooster_arrival_arrow, layout_basic, serial_bayou_pond_b,
          minmay_misc_feat_five
D:2:      minmay_wonky_spiral, layout_basic, dreamdust_ecumenical_altar_grove,
          minmay_crystal_room
D:3:      layout_basic, mainiacjoe_overflow_paths
D:4:      layout_basic, bloody_trog, nemelex_diamond_rough_becter,
          nicolae_qazlal_scattered_showers, moated_statue, uniq_natasha
D:5:      layout_basic, okawaru_trees_2, minmay_temple_entry_grid,
          cheibrodos_sewer_entry_drain, minmay_puff
D:6:      kennysheep_spiral_hall, layout_basic, marbit_many_paths,
          lemuel_round_altar, serial_shops, shop, amcnicky_mini_pool_small,
          nzn_random_ring, uniq_menkaure
D:7:      layout_basic, gammafunk_temple_overflow_wave, chequers_big_river
D:8:      layout_cave_pools, old_standard_altar, nicolae_overflow_crystal_walls,
          nicolae_looking_at_the_future
D:9:      layout_irregular_city, grunt_dithmenos_shadows, orc_0_dummy,
          uniq_grum, uniq_erolcha
D:10:     layout_loops_ring, lemuel_zombie_altar_yredelemnul
Orc:1:    layout_diamond_mine, uniq_sonja
Orc:2:    st_orc_congregation, layout_diamond_mine, uniq_rupert, uniq_maurice

Skill      XL: |  1  2  3  4  5  6  7  8  9 10 11 12 |
---------------+-------------------------------------+-----
Dodging        | 3 4 5 6 8 9 |  9.7
Fighting       | 4 5 6 7 9 10 11 | 11.2
Polearms       | 4 5 7 8 10 11 12 13 | 13.5
Stealth        | 1 2 3 4 5 6 |  6.1
Evocations     | 1 |  1.8
Throwing       | 1 2 |  2.1
Shields        | 3 4 |  4.0
Unarmed Combat | 1 |  1.6

Action                   |  1- 3 |  4- 6 |  7- 9 | 10-12 || total
-------------------------+-------+-------+-------+-------++-------
Melee: Spear             |    88 |   257 |   139 |       ||   484
       Tailslap          |     5 |    24 |    62 |    94 ||   185
       Trident           |       |       |   343 |   434 ||   777
       Unarmed           |       |       |       |    79 ||    79
       Halberd           |       |       |       |   149 ||   149
Throw: Dart              |       |       |       |    19 ||    19
       Throwing net      |       |       |       |     1 ||     1
Invok: Berserk           |     2 |     5 |     9 |    29 ||    45
       Brothers in Arms  |       |       |       |     4 ||     4
 Abil: Breathe Steam     |       |       |     2 |    13 ||    15
Evoke: Wand              |       |       |       |    11 ||    11
  Use: Scroll            |     1 |     3 |     6 |    10 ||    20
       Potion            |       |     1 |     3 |     7 ||    11
 Stab: Sleeping          |     1 |     6 |     8 |     5 ||    20
       Invisible         |       |       |       |     1 ||     1
       Distracted        |       |       |       |     1 ||     1
Armor: Skin              |    25 |    62 |    97 |   158 ||   342
Dodge: Dodged            |    38 |   114 |   221 |   393 ||   766
       Repelled          |       |       |     2 |       ||     2
Block: Buckler           |       |       |       |    54 ||    54
